 Dungeon Crawl Stone Soup version 0.20-a0-73-g65ed1cb (webtiles) character file.

7924 kroki the Severer (level 11, -2/97 HPs)
             Began as a Minotaur Berserker on Nov 18, 2016.
             Was a High Priest of Trog.
             Slain by a wolf spider (15 damage)
             ... on level 2 of the Lair of Beasts.
             The game lasted 00:09:35 (11264 turns).

kroki the Severer (Minotaur Berserker)             Turns: 11264, Time: 00:09:36

Health: -2/97      AC: 19    Str: 22    XL:     11   Next: 3%
Magic:  10/10      EV:  9    Int:  4    God:    Trog [*****.]
Gold:   393        SH:  0    Dex: 13    Spells: 0 memorised, 10 levels left

rFire  . . .     SeeInvis +     M - +0 war axe
rCold  + . .     Gourm    +     f - +2 chain mail {rC+}
rNeg   . . .     Faith    .     (no shield)
rPois  +         Spirit   .     L - +2 hat
rElec  .         Reflect  .     (no cloak)
rCorr  .         Harm     .     O - +0 pair of gloves
MR     ++...                    K - +2 pair of boots {Fly}
Stlth  ..........               v - amulet of the gourmand {Gourm, !d}
                                H - ring of see invisible {sInv, !d}
                                b - ring of poison resistance {rPois, !d}

@: lethally poisoned (-2 -> -3), flying, regenerating
A: retaliatory headbutt, horns 2
a: Berserk, Trog's Hand, Brothers in Arms, Burn Spellbooks, Renounce Religion,
Stop Flying


You were on level 2 of the Lair of Beasts.
You worshipped Trog.
Trog was extremely pleased with you.
You were very full.

You visited 3 branches of the dungeon, and saw 11 of its levels.
You also visited: Sewer and Ossuary.

You collected 624 gold pieces.
You spent 231 gold pieces at shops.

Inventory:

Hand Weapons
 M - a +0 war axe (weapon)
   (You found it on level 7 of the Dungeon)
Missiles
 D - 2 throwing nets {=f, !d}
Armour
 f - a +2 chain mail of cold resistance (worn)
   (You found it on level 3 of the Dungeon)
 K - a +2 pair of boots of flying (worn)
   (You bought it in a shop on level 7 of the Dungeon)
 L - a +2 hat (worn)
   (You found it on level 7 of the Dungeon)
 O - a +0 pair of gloves (worn)
   (You found it on level 1 of the Lair of Beasts)
Jewellery
 b - a ring of poison resistance (left hand) {rPois, !d}
   (You found it on level 2 of the Dungeon)
 v - an amulet of the gourmand (around neck) {Gourm, !d}
   (You found it on level 5 of the Dungeon)
 y - an uncursed ring of magical power {MP+9}
   (You found it on level 5 of the Dungeon)
 H - a ring of see invisible (right hand) {sInv, !d}
   (You found it on level 1 of the Lair of Beasts)
 V - an uncursed ring of teleportation {+/*tele, !d}
   (You found it on level 2 of the Lair of Beasts)
Wands
 t - a wand of random effects (43/48)
   (You found it on level 3 of the Dungeon)
 w - a wand of polymorph (8/24)
   (You found it on level 8 of the Dungeon)
 A - a wand of flame (2/48)
   (You found it on level 5 of the Dungeon)
 F - a wand of iceblast (7/15)
   (You found it on level 7 of the Dungeon)
 Q - a wand of lightning (6/15)
   (You found it on level 2 of the Lair of Beasts)
 T - a wand of slowing (17/48)
   (You found it on level 2 of the Lair of Beasts)
 W - a wand of acid (8/15)
   (You found it on level 2 of the Lair of Beasts)
Scrolls
 i - 2 scrolls of remove curse
 j - 11 scrolls of teleportation
 l - 2 scrolls of fear
 B - 2 scrolls of magic mapping {!r}
 P - a scroll of recharging
 R - a scroll of immolation {!r}
Potions
 a - 2 potions of haste
 e - 3 potions of heal wounds
 g - 2 potions of resistance {unknown}
 h - 3 potions of cancellation {unknown}
 k - 3 potions of brilliance
 n - 5 potions of flight
 p - a potion of magic
 q - a potion of beneficial mutation {unknown}
 r - 4 potions of curing {unknown}
 s - 3 potions of berserk rage {!q}
 z - a potion of cure mutation {unknown}
 C - a potion of mutation {!q}
 G - 2 potions of degeneration {unknown}
 J - a potion of might
 N - a potion of ambrosia {unknown}
 U - a potion of lignification {unknown}
Books
 u - a book of Changes
   (You found it on level 3 of the Dungeon)
 x - a book of Minor Magic
   (You found it on level 4 of the Dungeon)
 E - a book of Changes
   (You found it on level 6 of the Dungeon)
 I - a book of Geomancy
   (You found it on level 7 of the Dungeon)
Comestibles
 c - 5 bread rations {@e1}
 d - 2 beef jerkies
 m - 3 meat rations {@e2}
 S - 8 fruits


   Skills:
 + Level 9.2 Fighting
 * Level 16.0 Axes
 + Level 8.5 Armour
 - Level 2.1 Dodging


You had 10 spell levels left.
You didn't know any spells.

Dungeon Overview and Level Annotations

Branches:
Dungeon (8/15)             Temple (0/1) D:5            Lair (2/6) D:8
 Spider (1/4) Lair:2
  Swamp: Lair:2-4    Shoals: Lair:2-4

Altars:
Ashenzari
Fedhas
Makhleb
Sif Muna
Uskayaw

Shops:
D:7 [   D:8 :


Innate Abilities, Weirdness & Mutations

You reflexively headbutt those who attack you in melee.
You have a pair of horns on your head.


Message History

You're wearing all the rings you can.
Remove which one? (? for menu, Esc to cancel) < or
b - a ring of poison resistance {rPois, !d} > or
H - a ring of see invisible {sInv, !d} You remove your ring of see invisible {sInv, !d}.
You feel slightly jumpy.
Oops, that ring feels deathly cold.
V - a cursed ring of teleportation (right hand)
As you read the scroll of teleportation, it crumbles to dust.
You feel strangely unstable.
As you read the scroll of remove curse, it crumbles to dust.
You feel as if something is helping you.
Unknown command.
Put on which piece of jewellery? (? for menu, Esc to quit)
You're wearing all the rings you can.
Remove which one? (? for menu, Esc to cancel) < or
b - a ring of poison resistance {rPois, !d} > or
V - a ring of teleportation {+/*tele, !d} You remove your ring of teleportation {+/*tele, !d}.
H - a ring of see invisible (right hand) {sInv, !d} Drop what? 49/52 slots (_ for help) (? for menu, Esc to quit)
Really drop
V - an uncursed ring of teleportation {+/*tele, !d}? [Y]es or [N]o only, please.
Really drop
V - an uncursed ring of teleportation {+/*tele, !d}?
You drop a wand of random effects (?/48).
You stop dropping stuff.
Your surroundings suddenly seem different.
Partly explored, can't reach some places.
Partly explored, can't reach some places.
Partly explored, can't reach some places.
You pick your way through the web.
There is a web here.
There is a hole to the Spider Nest here.
You fly downwards.
Welcome to the Spider Nest!
This branch contains the gossamer rune of Zot. 2 wolf spiders, a jumping spider and an entropy weaver come into view.
The entropy weaver twitches its antennae in your direction.
Found 32 gold pieces.
Found a stone staircase leading down.
There is a crawl-hole back to the Lair here.
There are monsters nearby!
The jumping spider leaps!
A redback comes into view.
There are monsters nearby!
You barely miss the jumping spider. You headbutt the jumping spider.
The jumping spider pounces on you but does no damage.
The jumping spider bites you.
You take 4 damage, and have 93/97 hp.
Unknown command.
The jumping spider pounces on you. The jumping spider barely misses you.
The wolf spider hits you! The wolf spider bites you.
You are poisoned.
The wolf spider poisons you!
The jumping spider leaps!
The wolf spider hits you. The wolf spider closely misses you.
You fly upwards.
Welcome back to the Lair of Beasts!
You feel very sick.
There is a hole to the Spider Nest here.
You take 23 damage, and have 70/97 hp.
MASSIVE DAMAGE!!
Unknown command.
Unknown command.
Unknown command.
You hit the wolf spider.
You feel sick. The wolf spider hits you! The wolf spider barely misses you.
You take 8 damage, and have 62/97 hp.
You hit the wolf spider. Your headbutt misses the wolf spider.
You feel sick. The wolf spider misses you. You furiously retaliate!
You headbutt the wolf spider, but do no damage.
The wolf spider closely misses you.
You take 2 damage, and have 60/97 hp.
You slash the wolf spider! Your headbutt misses the wolf spider.
You feel sick. The wolf spider hits you. The wolf spider bites you!
You take 13 damage, and have 47/97 hp.
You hit the wolf spider. You headbutt the wolf spider.
You feel sick. The wolf spider completely misses you. You furiously retaliate!
You headbutt the wolf spider!
The wolf spider bites you but does no damage.
Unknown command.
You hit the wolf spider. Your headbutt misses the wolf spider.
You feel sick.
The wolf spider hits you but does no damage.
The wolf spider bites you!
You take 9 damage, and have 38/97 hp.
You hit the wolf spider.
You feel sick. The wolf spider barely misses you.
The wolf spider bites you but does no damage.
You take 2 damage, and have 36/97 hp.
You barely miss the wolf spider.
You feel sick. The wolf spider hits you!
* * * LOW HITPOINT WARNING * * *
The wolf spider closely misses you.
You take 9 damage, and have 27/97 hp.
Your chain mail prevents you from hitting the wolf spider.
Your headbutt misses the wolf spider.
You feel sick. The wolf spider hits you!
* * * LOW HITPOINT WARNING * * *
The wolf spider bites you but does no damage.
You take 8 damage, and have 19/97 hp.
Unknown command.
Your skin crawls.
You feel resistant to hostile enchantments.
You feel somewhat less full.
You feel sick. The wolf spider hits you!
* * * LOW HITPOINT WARNING * * *
The wolf spider bites you but does no damage.
The wolf spider hits you!
You die...

#.#############..# #..##
##..............####...##
##..............###..#.P#
#.......^.......#..#+..##
##...........#..........##
##.........^##.........+.#
#P..###^..^^##...........#
######^^^^^.#.............
#.###^.@s#.............#
#...##^^^..........P....
#....##.....#.##.....##.
#...........#.......####
#.^....^.^.##...##.##
#.......##.#...#######
#........##....#.###P###
#.......................
###.#P#####.P...........


You could see a wolf spider.

Vanquished Creatures
  A spiny frog (Lair:2)
  2 komodo dragons (Lair:1)
  Grinder (D:6)
  Prince Ribbit (D:5)
  A hippogriff (Lair:1)
  Sigmund (D:6)
  2 redbacks (Lair:2)
  A wyvern (D:7)
  9 yaks
  A hungry ghost (D:8)
  Menkaure (D:6)
  2 water moccasins
  4 porcupines
  An orc warrior (D:8)
  A sky beast (D:7)
  An ogre (D:5)
  A phantom (D:4)
  4 centaurs
  5 wolves (Lair:2)
  4 crocodiles
  A big kobold (D:7)
  4 bullfrogs
  A water moccasin zombie (Ossuary)
  2 scorpions
  5 killer bees
  4 wights (D:6)
  3 howler monkeys (D:7)
  4 crimson imps
  A bullfrog zombie (D:5)
  2 centaur zombies (D:6)
  4 hounds
  2 jellies
  3 orc priests
  7 orc wizards
  A gnoll shaman (D:8)
  3 iguanas
  4 worker ants
  5 big kobold zombies (Ossuary)
  2 hound zombies
  3 mummies
  A worker ant zombie (D:7)
  16 adders
  9 gnolls (D:8)
  2 shadow imps
  3 adder zombies (Ossuary)
  2 dart slugs
  10 leopard geckos
  24 orcs
  4 giant cockroaches
  9 goblins
  5 hobgoblins
  A jackal (Sewer)
  17 kobolds
  4 quokkas
  5 ball pythons
  7 bats
  7 frilled lizards
  2 gnoll zombies (Ossuary)
  A goblin zombie (D:5)
  5 hobgoblin zombies
  6 kobold zombies (Ossuary)
  A leopard gecko zombie (D:5)
  3 orc zombies (Ossuary)
  8 rats
  2 fungi (Lair:2)
  2 plants (Lair:2)
261 creatures vanquished.

Vanquished Creatures (others)
  A fungus (Lair:2)
  A plant (Lair:2)
2 creatures vanquished.

Grand Total: 263 creatures vanquished

Notes
Turn   | Place    | Note
-------+----------+-------------------------------------------
     0 | D:1      | kroki the Minotaur Berserker began the quest for the Orb.
     0 | D:1      | Reached XP level 1. HP: 19/19 MP: 0/0
    36 | D:1      | Reached skill level 4 in Axes
   202 | D:1      | Reached XP level 2. HP: 26/26 MP: 1/1
   736 | D:1      | Reached skill level 5 in Axes
   898 | D:1      | Reached XP level 3. HP: 31/31 MP: 2/2
  1098 | D:2      | Reached ** piety under Trog
  1137 | D:2      | Found a faded altar of an unknown god.
  2023 | D:3      | Reached skill level 6 in Axes
  2023 | D:3      | Reached XP level 4. HP: 32/39 MP: 3/3
  2264 | D:3      | Found a burning altar of Makhleb.
  2264 | D:3      | Noticed a blizzard demon
  2385 | D:3      | Found a glowing drain.
  2407 | Sewer    | Entered a sewer
  2454 | Sewer    | Reached skill level 7 in Axes
  2454 | Sewer    | Reached XP level 5. HP: 42/45 MP: 4/4
  2579 | Sewer    | Reached *** piety under Trog
  3430 | D:3      | Found a hide-covered altar of Uskayaw.
  4148 | D:4      | Found a shattered altar of Ashenzari.
  4148 | D:4      | Found a blossoming altar of Fedhas.
  4290 | D:4      | Reached skill level 8 in Axes
  4329 | D:4      | Reached XP level 6. HP: 41/51 MP: 5/5
  4965 | D:5      | Entered Level 5 of the Dungeon
  4969 | D:5      | Noticed Prince Ribbit
  4973 | D:5      | Reached skill level 9 in Axes
  4982 | D:5      | Killed Prince Ribbit
  4982 | D:5      | Reached skill level 10 in Axes
  4982 | D:5      | Reached XP level 7. HP: 45/57 MP: 6/6
  5104 | D:5      | Reached skill level 11 in Axes
  5105 | D:5      | Reached XP level 8. HP: 64/64 MP: 7/7
  5196 | D:5      | Reached skill level 12 in Axes
  5210 | D:5      | Found a sand-covered staircase.
  5217 | Ossuary  | Entered an ossuary
  5392 | Ossuary  | Reached **** piety under Trog
  5392 | Ossuary  | Reached skill level 4 in Fighting
  5411 | Ossuary  | Reached skill level 3 in Armour
  5764 | D:5      | Found a staircase to the Ecumenical Temple.
  5955 | D:6      | Noticed Menkaure
  5959 | D:6      | Killed Menkaure
  6085 | D:6      | Noticed Grinder
  6094 | D:6      | Noticed Sigmund
  6097 | D:6      | Killed Grinder
  6097 | D:6      | Reached skill level 5 in Fighting
  6097 | D:6      | Reached skill level 4 in Armour
  6106 | D:6      | Killed Sigmund
  6106 | D:6      | Reached skill level 13 in Axes
  6106 | D:6      | Reached XP level 9. HP: 25/74 MP: 8/8
  6540 | D:6      | Found a deep blue altar of Sif Muna.
  6603 | D:6      | Reached skill level 5 in Armour
  6788 | D:6      | Got an ominously black robe
  6824 | D:6      | Reached skill level 6 in Fighting
  7549 | D:7      | Found Legepali's Antique Armour Shoppe.
  7558 | D:7      | Bought a pair of glowing boots for 231 gold pieces
  7645 | D:7      | Reached skill level 14 in Axes
  7813 | D:7      | Reached skill level 7 in Fighting
  8030 | D:8      | Found a staircase to the Lair.
  8105 | D:8      | Found Liulet's Book Emporium.
  8254 | D:8      | Reached skill level 6 in Armour
  9071 | D:8      | Reached XP level 10. HP: 86/86 MP: 9/9
  9262 | Lair:1   | Entered Level 1 of the Lair of Beasts
  9576 | Lair:1   | Reached skill level 15 in Axes
  9576 | Lair:1   | Reached skill level 7 in Armour
  9820 | Lair:1   | Reached skill level 8 in Fighting
  9919 | Lair:1   | Reached ***** piety under Trog
 10310 | Lair:2   | Found a hole to the Spider Nest.
 10329 | Lair:2   | Reached skill level 8 in Armour
 10367 | Lair:2   | Noticed a spiny frog
 10376 | Lair:2   | Killed a spiny frog
 10518 | Lair:2   | Reached skill level 9 in Fighting
 10700 | Lair:2   | Reached skill level 16 in Axes
 10700 | Lair:2   | Reached XP level 11. HP: 97/97 MP: 10/10
 11251 | Spider:1 | Entered Level 1 of the Spider Nest
 11251 | Spider:1 | Noticed a wolf spider
 11251 | Spider:1 | Noticed an entropy weaver
 11251 | Spider:1 | Noticed a wolf spider
 11263 | Lair:2   | HP: 19/97 [wolf spider (7)]
 11264 | Lair:2   | Slain by a wolf spider

Vault maps used:
D:1:      ncdulo_smallfort, st_stairs_3, minmay_misc_feat_iff,
          minmay_misc_feat_x, hangedman_decor_clover_reticule
D:2:      chequers_ecumenical_altar_island
D:3:      makhleb_altar_promises_db, lemuel_doored_altar, first_bread,
          gup_sewer_entry_pipe
D:4:      grunt_temple_overflow_open
D:5:      nicolae_ossuary_entry_giza, uniq_prince_ribbit1
D:6:      nicolae_overflow_crystal_walls, st_stairs_13, uniq_sigmund,
          uniq_grinder, uniq_menkaure
D:7:      wad_crossroads, serial_curves, eino_curves_04, eino_curves_03,
          eino_curves_03, serial_shops, shop
D:8:      lair_entry_dummy, serial_shops, nicolae_shop_trees
Lair:2:   spider_nest_entry_webs, wad_woods_river_04
Spider:1: spider_trap
Sewer:    sewer_co_scattered_pipes
Ossuary:  ossuary_tomb_2

Skill      XL: |  1  2  3  4  5  6  7  8  9 10 |
---------------+-------------------------------+-----
Axes           | 4 5 6 7 8 10 11 13 14 16 | 16.0
Fighting       | 5 7 9 |  9.2
Armour         | 4 6 8 |  8.5
Dodging        | |  2.1

Action                   |  1- 3 |  4- 6 |  7- 9 | 10-12 || total
-------------------------+-------+-------+-------+-------++-------
Melee: Hand axe          |    68 |     5 |       |       ||    73
       Headbutt          |    13 |    21 |    66 |    43 ||   143
       War axe           |       |   146 |   332 |   148 ||   626
Invok: Berserk           |       |       |     4 |       ||     4
       Trog's Hand       |       |       |     3 |     1 ||     4
Evoke: Wand              |       |       |     6 |       ||     6
  Use: Scroll            |     6 |     9 |     5 |     3 ||    23
       Potion            |       |       |     2 |       ||     2
  Eat: Chunk             |     3 |     9 |    30 |     8 ||    50
       Bread ration      |       |       |     1 |       ||     1
Armor: Animal skin       |    12 |       |       |       ||    12
       Leather armour    |     4 |       |       |       ||     4
       Scale mail        |     1 |    59 |       |       ||    60
       Chain mail        |       |    16 |   167 |    64 ||   247
Dodge: Dodged            |    54 |    91 |   124 |    50 ||   319

Vault maps used:
D:1:      ncdulo_smallfort, st_stairs_3, minmay_misc_feat_iff,
          minmay_misc_feat_x, hangedman_decor_clover_reticule
D:2:      chequers_ecumenical_altar_island
D:3:      makhleb_altar_promises_db, lemuel_doored_altar, first_bread,
          gup_sewer_entry_pipe
D:4:      grunt_temple_overflow_open
D:5:      nicolae_ossuary_entry_giza, uniq_prince_ribbit1
D:6:      nicolae_overflow_crystal_walls, st_stairs_13, uniq_sigmund,
          uniq_grinder, uniq_menkaure
D:7:      wad_crossroads, serial_curves, eino_curves_04, eino_curves_03,
          eino_curves_03, serial_shops, shop
D:8:      lair_entry_dummy, serial_shops, nicolae_shop_trees
Lair:2:   spider_nest_entry_webs, wad_woods_river_04
Spider:1: spider_trap
Sewer:    sewer_co_scattered_pipes
Ossuary:  ossuary_tomb_2

Table legend:
 A = Turns spent in this place as a percentage of turns spent in the entire game.
 B = Non-inter-level travel turns spent in this place as a percentage of non-inter-level travel turns spent in the entire game.
 C = Inter-level travel turns spent in this place as a percentage of turns spent in this place.
 D = Turns resting spent in this place as a percentage of non-inter-level travel turns spent in this place.
 E = Turns spent auto-exploring this place as a percentage of non-inter-level travel turns spent in this place.
 F = Non-inter-level travel turns spent in this place divided by the number of levels of this place that you've seen.
                   A       B       C       D       E      F
               +-------+-------+-------+-------+-------+----------------------
         Total | 100.0 | 100.0 |   0.5 |   0.0 |  12.4 | 339.2
       Dungeon |  71.4 |  71.2 |   0.7 |   0.0 |  13.5 | 392.6
          Lair |  11.5 |  11.5 |   0.4 |   0.0 |  11.3 | 253.0
   Spider Nest |   0.1 |   0.1 |   0.0 |   0.0 |   0.0 |   6.0
         Sewer |   9.7 |   9.8 |   0.0 |   0.0 |   8.1 | 431.0
       Ossuary |   7.3 |   7.4 |   0.0 |   0.0 |   9.8 | 325.0
               +-------+-------+-------+-------+-------+----------------------

Table legend:
 A = Kills in this place as a percentage of kills in entire the game.
 B = Kills by you in this place as a percentage of kills by you in the entire game.
 C = Kills by friends in this place as a percentage of kills by friends in the entire game.
 D = Other kills in this place as a percentage of other kills in the entire game.
 E = Experience gained in this place as a percentage of experience gained in the entire game.
 F = Experience gained in this place divided by the number of levels of this place that you have seen.
                   A       B       C       D       E      F
               +-------+-------+-------+-------+-------+----------------------
         Total | 100.0 | 100.0 |  -nan |  -nan | 100.0 | 870.8
       Dungeon |  69.6 |  69.6 |  -nan |  -nan |  46.4 | 656.4
          Lair |  12.5 |  12.5 |  -nan |  -nan |  50.5 | 2857.0
         Sewer |   7.8 |   7.8 |  -nan |  -nan |   0.7 |  75.0
       Ossuary |  10.1 |  10.1 |  -nan |  -nan |   2.5 | 281.0
               +-------+-------+-------+-------+-------+----------------------
